 Dungeon Crawl Stone Soup version 0.20.1-1-g8b1a95d (webtiles) character file.

9200 vishdafish the Cleaver (level 11, -19/89 HPs)
             Began as a Formicid Fighter on July 13, 2017.
             Was a Believer of Nemelex Xobeh.
             Demolished by Agrougrou's ghost (22 damage)
             ... on level 12 of the Dungeon.
             The game lasted 00:20:55 (9342 turns).

vishdafish the Cleaver (Formicid Fighter)           Turns: 9342, Time: 00:20:55

Health: -19/89     AC: 13    Str: 23    XL:     11   Next: 70%
Magic:  16/16      EV: 10    Int:  8    God:    Nemelex Xobeh [**....]
Gold:   425        SH: 13    Dex: 13    Spells: 10/10 levels left

rFire    . . .     SeeInvis +   A - +2 war axe (elec)
rCold    . . .     Gourm    .   c - +1 shield
rNeg     . . .     Faith    .   b - +0 scale mail
rPois    +         Spirit   .   (helmet unavailable)
rElec    .         Reflect  .   (no cloak)
rCorr    +         Harm     .   (no gloves)
MR       +....                  (no boots)
Stlth    ..........             (no amulet)
Regen    0.3/turn               D - +5 ring of protection
MPRegen  0.2/turn               G - ring of resist corrosion

@: no status effects
A: permanent stasis, dig shafts and tunnels, four strong arms, antennae 3, agile
1, high mp 1, poison resistance
a: Dig, Shaft Self, Renounce Religion


You were on level 12 of the Dungeon.
You worshipped Nemelex Xobeh.
Nemelex Xobeh was pleased with you.
You were hungry.

You visited 2 branches of the dungeon, and saw 13 of its levels.

You collected 515 gold pieces.
You spent 90 gold pieces at shops.

Inventory:

Hand Weapons
 a - a +0 war axe
 t - a +0 broad axe
 A - a +2 war axe of electrocution (weapon)
Missiles
 h - 117 bolts
Armour
 b - a +0 scale mail (worn)
 c - a +1 shield (worn)
Jewellery
 s - an uncursed ring of poison resistance
 u - an uncursed ring of ice
 D - a +5 ring of protection (left hand)
 G - a ring of resist corrosion (right hand)
Wands
 e - a wand of polymorph (10/24)
 n - a wand of scattershot (6/9)
 C - a wand of acid (5/15)
 F - a wand of flame (33/48)
 J - a wand of digging (9/24)
 N - a wand of iceblast (7/15)
Scrolls
 i - 6 scrolls of teleportation
 k - 3 scrolls of blinking
 m - a scroll of magic mapping
 v - 2 scrolls of immolation {unknown}
 y - 2 scrolls of enchant armour
 z - 2 scrolls of recharging
 B - a scroll of fog
 K - 2 scrolls of amnesia {unknown}
 P - a scroll of remove curse
Potions
 d - 2 potions of might
 g - 5 potions of curing
 j - 5 potions of agility
 o - 2 potions of berserk rage
 q - a potion of magic
 w - a potion of lignification
 x - 4 potions of flight
 I - 2 potions of cancellation {unknown}
Books
 L - a book of Frost

   Spells                             Type                      Level
   a - Freeze                         Ice                          1
   b - Throw Frost                    Conjuration/Ice              2
   c - Ozocubu's Armour               Charms/Ice                   3
   d - Throw Icicle                   Conjuration/Ice              4
   e - Summon Ice Beast               Ice/Summoning                4
 O - a book of Clouds

   Spells                             Type                      Level
   a - Poisonous Vapours              Poison/Air                   2
   b - Mephitic Cloud                 Conjuration/Poison/Air       3
   c - Conjure Flame                  Conjuration/Fire             3
   d - Freezing Cloud                 Conjuration/Ice/Air          6
   e - Ring of Flames                 Charms/Fire                  7
Comestibles
 f - 8 bread rations
 p - 6 meat rations
 r - 6 fruits
 H - 13 royal jellies


   Skills:
 + Level 9.0 Fighting
 * Level 10.8 Axes
 + Level 8.7 Armour
 - Level 1.2 Dodging
 + Level 9.8 Shields
 * Level 5.7 Invocations


You had 10 spell levels left.
You didn't know any spells.

Dungeon Overview and Level Annotations

Branches:
Dungeon (12/15)            Temple (1/1) D:4            Lair (0/6) D:11
    Orc (0/2) D:11

Altars:
Ashenzari
Cheibriados
Dithmenos
Elyvilon
Fedhas
Gozag
Hepliaklqana
Kikubaaqudgha
Makhleb
Nemelex Xobeh
Okawaru
Qazlal
Ru
Sif Muna
Trog
Uskayaw
Vehumet
Xom
Yredelemnul
Zin
The Shining One
Beogh

Shops:
D:8 }[!:[

Annotations:
D:3 MrModeste's ghost, novice FoFi
D:11 Psyche; vishdafish's ghost, journeyman FoFi
D:12 Agrougrou's ghost, journeyman DsMo


Innate Abilities, Weirdness & Mutations

You cannot be hasted, slowed, berserked, paralysed or teleported.
You can dig through walls and to a lower floor.
Your four strong arms can wield two-handed weapons with a shield.
You have a pair of large antennae on your head. (SInv)
You are agile. (Dex +2)
You have an increased reservoir of magic. (+10% MP)
Your system is resistant to poisons. (rPois)


Message History

Agrougrou's ghost is almost destroyed.
Agrougrou's ghost hits you!
* * * LOW HITPOINT WARNING * * *
x2 Lightning arcs down from a storm cloud! x2
You barely miss Agrougrou's ghost.
Agrougrou's ghost is almost destroyed.
Agrougrou's ghost says, "I'll split you in two!"
Agrougrou's ghost hits you but does no damage.
You hit Agrougrou's ghost but do no damage.
Agrougrou's ghost is almost destroyed.
Agrougrou's ghost hits you!
* * * LOW HITPOINT WARNING * * *
x2
Okay, then.
Evoke which item? (* to show all) (? for menu, Esc to quit)
You draw a card...
It is Degeneration.
The deck of cards disappears without a trace.
Agrougrou's ghost is dazed by the mutagenic energy.
Agrougrou's ghost hits you!!
You die...
Your body glows slightly and disappears.

.....# ....+ ....# .§.#
####### #.§§ #.....#
#§§##### #
#.....####..$...#
#.#.......§##W###.##
####.#......#§..@...§.#
...#........###..#§#§##
##.###....#...#§##.#
..........#.#.#§...#.#
#####.##....#.§........
.(.†......#.####...#.##
#####.##...... ...# #
........### #.##
#.....### [.


You could see Agrougrou's ghost (dazed).

Vanquished Creatures
  A two-headed ogre (D:9)
  An oklob plant (D:11)
  A gargoyle (D:10)
  A troll (D:12)
  The ghost of Vodamotku the Skirmisher, an amateur HOAE of Trog (D:5)
  3 hippogriffs
  Prince Ribbit (D:9)
  A slime creature (D:12)
  Sigmund (D:2)
  A wyvern (D:10)
  Eustachio (D:5)
  The ghost of StormFighter the Ruffian, an amateur DrTm (D:4)
  2 water moccasins
  A hornet zombie (D:9)
  4 orc warriors
  2 black bears
  2 phantoms (D:8)
  2 ice beasts
  5 sky beasts
  4 centaurs
  6 ogres
  Blork the orc (D:5)
  4 bullfrogs
  A gnoll sergeant (D:5)
  2 scorpions
  A wyvern skeleton (D:9)
  12 killer bees
  2 howler monkeys
  4 crimson imps
  2 centaur zombies (D:7)
  2 quasits (D:12)
  6 jellies
  7 orc priests
  A gnoll shaman (D:7)
  A bullfrog zombie (D:6)
  A centaur skeleton (D:6)
  4 hounds
  3 iguanas
  12 orc wizards
  7 worker ants
  A hound zombie (D:10)
  2 worker ant zombies
  8 adders
  13 gnolls
  2 shadow imps
  8 oozes
  2 worms
  2 dart slugs
  5 leopard geckos
  35 orcs
  7 giant cockroaches
  6 goblins
  5 hobgoblins
  9 jackals
  4 quokkas
  4 bats
  2 frilled lizards
  9 kobolds
  8 rats
  A bush (Temple)
  4 plants
252 creatures vanquished.

Vanquished Creatures (collateral kills)
  Erica (D:11)
  An orc warrior (D:11)
  An orc priest (D:11)
  4 orcs (D:11)
7 creatures vanquished.

Vanquished Creatures (others)
  2 adders (D:11)
  A leopard gecko (D:11)
  An orc (D:11)
  A hobgoblin (D:11)
  A ball python (D:11)
6 creatures vanquished.

Grand Total: 265 creatures vanquished

Notes
Turn   | Place    | Note
-------+----------+-------------------------------------------
     0 | D:1      | vishdafish the Formicid Fighter began the quest for the Orb.
     0 | D:1      | Reached XP level 1. HP: 18/18 MP: 1/1
   213 | D:1      | Reached XP level 2. HP: 24/24 MP: 2/2
   242 | D:1      | Reached XP level 3. HP: 17/30 MP: 3/3
   773 | D:2      | Noticed Sigmund
   961 | D:2      | Killed Sigmund
   961 | D:2      | Reached skill level 3 in Axes
   961 | D:2      | Reached skill level 1 in Dodging
   961 | D:2      | Reached XP level 4. HP: 32/37 MP: 4/4
   961 | D:2      | Reached XP level 5. HP: 36/42 MP: 5/5
  1077 | D:2      | Found a hazy altar of Hepliaklqana.
  1102 | D:2      | Found a sacrificial altar of Ru.
  1112 | D:2      | Reached XP level 6. HP: 46/48 MP: 6/6
  1846 | D:3      | Found a shattered altar of Ashenzari.
  1847 | D:3      | Found a snail-covered altar of Cheibriados.
  1904 | D:3      | Reached skill level 4 in Axes
  2216 | D:4      | Reached skill level 5 in Shields
  2412 | D:3      | Reached XP level 7. HP: 55/55 MP: 7/7
  2654 | D:3      | Found a white marble altar of Elyvilon.
  2910 | D:3      | Found a burning altar of Makhleb.
  2923 | D:3      | Noticed MrModeste's ghost (novice FoFi)
  2973 | D:4      | Noticed StormFighter's ghost (amateur DrTm)
  2993 | D:4      | Killed StormFighter's ghost
  2993 | D:4      | Reached skill level 5 in Axes
  3275 | D:4      | Found an opulent altar of Gozag.
  3321 | D:4      | Reached skill level 5 in Fighting
  3321 | D:4      | Reached skill level 5 in Armour
  3494 | D:4      | Found an ancient bone altar of Kikubaaqudgha.
  3603 | D:4      | Found a staircase to the Ecumenical Temple.
  3676 | Temple   | Entered the Ecumenical Temple
  3865 | D:4      | Reached XP level 8. HP: 44/62 MP: 8/8
  3955 | D:5      | Entered Level 5 of the Dungeon
  4050 | D:5      | Noticed Vodamotku's ghost (amateur HOAE)
  4057 | D:5      | Killed Vodamotku's ghost
  4057 | D:5      | Reached skill level 6 in Axes
  4503 | D:5      | Noticed Blork the orc
  4509 | D:5      | Killed Blork the orc
  4517 | D:5      | Reached XP level 9. HP: 55/69 MP: 9/9
  4564 | D:5      | Noticed Eustachio
  4573 | D:5      | Killed Eustachio
  4573 | D:5      | Reached skill level 7 in Axes
  4862 | D:6      | You fall through a shaft for 2 floors!
  4864 | D:8      | Noticed a hippogriff
  4865 | D:8      | Found Pyopn's Armour Shop.
  4873 | D:8      | Killed a hippogriff
  5158 | D:8      | Reached skill level 8 in Axes
  5336 | D:8      | Found Sanuny's Gadget Shoppe.
  5371 | D:8      | Found Fuvofu's Distillery.
  5377 | D:8      | Bought a potion of heal wounds for 75 gold pieces
  5377 | D:8      | Bought a potion of degeneration for 15 gold pieces
  5479 | D:7      | Reached XP level 10. HP: 48/79 MP: 10/10
  5488 | D:7      | Found a basalt altar of Yredelemnul.
  5828 | D:8      | Found a shadowy altar of Dithmenos.
  5846 | D:8      | Found Sokagucs's Armour Shoppe.
  5939 | D:8      | Found Zophusel's Book Boutique.
  6259 | D:8      | Reached skill level 9 in Axes
  6533 | D:7      | Found a sparkling altar of Nemelex Xobeh.
  6541 | D:7      | Became a worshipper of Nemelex Xobeh the Trickster
  6575 | D:7      | Received a gift from Nemelex Xobeh
  6978 | D:9      | Noticed Prince Ribbit
  7014 | D:9      | Killed Prince Ribbit
  7059 | D:9      | Gained mutation: Your system is resistant to poisons. (rPois) [mutagenic meat]
  7060 | D:9      | Gained mutation: You are agile. (Dex +2) [mutagenic meat]
  7062 | D:9      | Gained mutation: You have an increased reservoir of magic. (+10% MP) [mutagenic meat]
  7094 | D:9      | Noticed a two-headed ogre
  7103 | D:9      | Killed a two-headed ogre
  7171 | D:9      | Found a deep blue altar of Sif Muna.
  7356 | D:9      | Reached skill level 1 in Invocations
  7360 | D:9      | Reached skill level 10 in Axes
  7484 | D:10     | Entered Level 10 of the Dungeon
  7506 | D:10     | Reached * piety under Nemelex Xobeh
  7562 | D:10     | Reached XP level 11. HP: 60/86 MP: 14/14
  8171 | D:11     | Noticed an oklob plant
  8173 | D:11     | Found a staircase to the Lair.
  8185 | D:11     | Killed an oklob plant
  8236 | D:11     | Reached ** piety under Nemelex Xobeh
  8313 | D:11     | Noticed Erica
  8323 | D:11     | Killed Erica
  8323 | D:11     | Reached skill level 5 in Invocations
  8427 | D:11     | Found a roughly hewn altar of Beogh.
  8427 | D:11     | Found a staircase to the Orcish Mines.
  8445 | D:11     | Noticed vishdafish's ghost (journeyman FoFi)
  8449 | D:11     | Noticed Psyche
  8699 | D:12     | Received a gift from Nemelex Xobeh
  8994 | D:12     | Noticed Agrougrou's ghost (journeyman DsMo)
  9341 | D:12     | HP: 3/89 [Agrougrou's ghost (2)]
  9342 | D:12     | Demolished by Agrougrou's ghost

Skill      XL: |  1  2  3  4  5  6  7  8  9 10 11 |
---------------+----------------------------------+-----
Fighting       | 4 5 7 8 9 |  9.0
Axes           | 3 4 5 6 8 10 | 10.8
Armour         | 4 5 6 8 |  8.7
Dodging        | 1 |  1.2
Shields        | 4 5 6 8 9 |  9.8
Invocations    | 2 5 |  5.7

Action                   |  1- 3 |  4- 6 |  7- 9 | 10-12 || total
-------------------------+-------+-------+-------+-------++-------
Melee: War axe           |    61 |   111 |   179 |   394 ||   745
       Broad axe         |       |       |    63 |       ||    63
Evoke: Deck              |       |       |       |    21 ||    21
       Wand              |       |       |       |     2 ||     2
  Use: Scroll            |       |       |    11 |     5 ||    16
       Potion            |       |       |       |     4 ||     4
 Stab: Paralysed         |       |     1 |       |       ||     1
  Eat: Chunk             |       |     3 |     8 |    18 ||    29
       Royal jelly       |       |     1 |     1 |       ||     2
Armor: Scale mail        |    42 |    47 |    58 |   120 ||   267
Dodge: Dodged            |    33 |    28 |    59 |   126 ||   246
Block: Shield            |    52 |    52 |   132 |   252 ||   488
